 Dungeon Crawl Stone Soup version 0.28-a0-8-g6e044cfa68 (webtiles) character file.

Game seed: 9264626542311077293

123 Spectrina the Magician (level 5, -7/35 HPs)
             Began as a Djinni Necromancer on July 24, 2021.
             Was a Follower of Yredelemnul.
             Mangled by a phantom (9 damage)
             ... on level 4 of the Dungeon.
             The game lasted 00:13:39 (1137 turns).

Spectrina the Magician (Djinni Necromancer)         Turns: 1137, Time: 00:13:40

Health: -7/35      AC:  2    Str:  6 (7)  XL:     5   Next: 29%
Gold:   69         EV: 12    Int: 15 (17) God:    Yredelemnul [*.....] SH:  0 Dex: 12 (14)

rFire   + + .      SeeInvis .   c - +1 dagger (venom)
rCold   x . .      Faith    .   (no shield)
rNeg    . . .      Spirit   .   a - +0 robe
rPois   ∞          Reflect  .   (no helmet)
rElec   .          Harm     .   (no cloak)
rCorr   .          Rampage  .   (no gloves)
Will    .....                   (boots unavailable)
Stlth   ++........              (no amulet)
HPRegen 0.11/turn               (no ring)
MPRegen 0.00/turn               (no ring)

@: mirroring injuries, flying
A: sickness immunity, fire resistance 2, cold vulnerability 1, float, innate
caster, hp casting, extra vitality 1
a: Renounce Religion, Animate Remains


You were on level 4 of the Dungeon.
You worshipped Yredelemnul.
Yredelemnul was aware of your devotion.
You visited 1 branch of the dungeon, and saw 4 of its levels.

You collected 69 gold pieces.

Inventory:

Hand Weapons
 c - a +1 dagger of venom (weapon)
Missiles
 d - 23 arrows
 g - 7 poisoned darts (quivered)
 h - 67 stones
Armour
 a - a +0 robe (worn)
Scrolls
 b - a scroll of acquirement {unknown}
 e - a scroll of magic mapping {unknown}
 f - a scroll of fog {unknown}
 i - a scroll of identify {unknown}
Potions
 k - a potion of might {unknown}


   Skills:
 - Level 2.1 Dodging
 - Level 1.5 Stealth
 * Level 4.9 Spellcasting


You couldn't memorise any spells.
You knew the following spells:

 Your Spells              Type           Power      Damage    Failure   Level
a - Pain                  Necr           72%        1d7       2%          1
b - Static Discharge      Conj/Air       18%        N/A       3%          2
k - Agony                 Necr           18%        N/A       52%         5
l - Vampiric Draining     Necr           9%         2d7       7%          3
m - Animate Skeleton      Necr           36%        N/A       2%          1
n - Animate Dead          Necr           9%         N/A       22%         4
p - Beastly Appendage     Tmut           36%        N/A       2%          1
Your spell library was empty.

Dungeon Overview and Level Annotations

Branches:
Dungeon (4/15)
 Temple: D:4-7

Altars:
Yredelemnul


Innate Abilities, Weirdness & Mutations

You are immune to sickness and miasma.
You are immune to poison.
Your flesh is very heat resistant. (rF++)
You are vulnerable to cold. (rC-)
You float through the air rather than walking.
You learn spells naturally, not from books.
Your magical power is your life essence.
You have superior vitality. (+4 HP)


Message History

Your hound zombie barely misses the phantom.
The phantom hits you.
The phantom blinks!
You blink.
Yredelemnul mirrors your injury!
The phantom is lightly damaged.
Found 7 gold pieces.
You hit the phantom.
The phantom is lightly damaged.
The kobold throws a stone.
The stone hits you but does no damage. The phantom hits you.
Yredelemnul mirrors your injury!
The phantom is lightly damaged.
You can no longer recall your undead slaves.
You can no longer mirror injuries on your foes.
You hit the phantom.
The phantom is moderately damaged.
The kobold throws a stone.
The stone hits you but does no damage. The phantom hits you.
Unknown command.
You hit the phantom but do no damage.
The phantom is moderately damaged.
The phantom hits you.
* * * LOW HITPOINT WARNING * * *
Unknown command.
You closely miss the phantom.
The phantom is moderately damaged.
The phantom hits you.
* * * LOW HITPOINT WARNING * * *
Unknown command.
You closely miss the phantom.
The phantom is moderately damaged.
Your hound zombie misses the phantom.
The phantom hits you.
* * * LOW HITPOINT WARNING * * *
The phantom blinks!
You blink.
Unknown command.
It was a potion of degeneration.
There was something very wrong with that liquid.
You feel weakened.
You feel dopey.
You feel clumsy. The phantom hits you!
You die...
Your body rises from the dead as a mindless zombie.

#............
#....................
#...................
###..................
.............)..$...
...................
..................#
###...............#
#.......K....W@.#
#.........Z.....#
#..<............#
#..>.....§Z......
#....[....§.....##
#...########.#..#
#.#.# ..#..# ##..#.#
####..# #..##.#


You could see a phantom (ally target), a kobold, a hound skeleton and a friendly
hound zombie.

Vanquished Creatures
  A hound (D:4)
  An orc wizard (D:3)
  4 adders
  3 orcs (D:3)
  3 ball pythons
  2 endoplasms (D:2)
  3 goblins (D:2)
  A hobgoblin (D:1)
  4 jackals (D:2)
  3 kobolds
  A quokka (D:2)
  2 bats (D:2)
  A frilled lizard (D:3)
  5 rats
34 creatures vanquished.

Notes
Turn   | Place    | Note
-------+----------+-------------------------------------------
     0 | D:1      | Spectrina the Djinni Necromancer began the quest for the
                  | Orb.
     0 | D:1      | Reached XP level 1. HP: 15/15 MP: 0/0
    58 | D:1      | Found a faded altar of an unknown god.
    67 | D:1      | Became a worshipper of Yredelemnul the Dark
    67 | D:1      | Reached * piety under Yredelemnul
   195 | D:2      | Reached XP level 2. HP: 13/21 MP: 0/0
   316 | D:2      | Reached XP level 3. HP: 1/25 MP: 0/0
   316 | D:2      | Learned a level 1 spell: Beastly Appendage
   439 | D:2      | Reached skill level 4 in Spellcasting
   745 | D:2      | Reached ** piety under Yredelemnul
   791 | D:2      | Reached XP level 4. HP: 25/31 MP: 0/0
   996 | D:4      | Noticed a black bear
  1052 | D:4      | Noticed a phantom
  1125 | D:4      | Reached XP level 5. HP: 31/35 MP: 0/0
  1125 | D:4      | Learned a level 2 spell: Static Discharge
  1137 | D:4      | Mangled by a phantom

Illustrated notes

Levels and vault maps discovered:
D:1:      dpeg_arrival_stonehenge_8_columns, layout_basic,
          shapermc_ecumenical_altar_mp_urbaneastern, roderic_serpentine_path
D:2:      layout_loops_ring, minmay_misc_feat_secret_circle, nrook_uturn,
          uniq_robin
D:3:      layout_rooms, interstate_on_off
D:4:      layout_layer_cave, serial_co_window_serial, co_window_paths_a,
          co_window_of_opportunity_a, co_window_paths_a, co_window_paths_b,
          co_window_paths_a, co_window_paths_b, co_window_paths_a,
          co_window_of_opportunity_c, co_window_2corner, co_window_corner_ca,
          co_window_corner_b, co_window_corner_b, co_window_broadway_a,
          glass_columns_c, glass_columns_b, glass_columns_b, glass_columns_c,
          glass_columns_b, nicolae_ossuary_entry_catacombs, minivault_27

Skill      XL: |  1  2  3 |
---------------+----------+-----
Spellcasting   | 4 |  4.9
Dodging        | |  2.1
Stealth        | |  1.5

Action                   |  1- 3 |  4- 6 || total
-------------------------+-------+-------++-------
Melee: Dagger            |    15 |    18 ||    33
       Headbutt          |     1 |       ||     1
Throw: Dart              |    17 |     7 ||    24
 Cast: Pain              |    17 |       ||    17
       Vampiric Draining |    10 |     7 ||    17
       Beastly Appendage |     1 |     1 ||     2
       Animate Dead      |       |     1 ||     1
Invok: Injury Mirror     |       |     1 ||     1
  Use: Potion            |       |     1 ||     1
 Stab: Sleeping          |     3 |       ||     3
Armor: Robe              |     6 |     7 ||    13
Dodge: Dodged            |    12 |    14 ||    26

Table legend: (Time is in decaauts)
 A = Elapsed time spent in this place.
 B = Non-inter-level travel time spent in this place.
 C = Inter-level travel time spent in this place.
 D = Time resting spent in this place.
 E = Time spent auto-exploring this place.
 F = Levels seen in this place.
 G = Mean time per level.
                   A        B        C        D        E       F      G
               +--------+--------+--------+--------+--------+-----+--------+
         Total |   1143 |   1077 |     66 |      0 |      0 |   4 |  285.8 |
       Dungeon |   1143 |   1077 |     66 |      0 |      0 |   4 |  285.8 |
               +--------+--------+--------+--------+--------+-----+--------+

Top non-repeatable levels by time:
     D:2: 592 daAuts
     D:3: 312 daAuts
     D:1: 122 daAuts
     D:4: 116 daAuts
